 Dungeon Crawl Stone Soup version 0.28-a0-834-g1a73be5ee4 (webtiles) character file.

Game seed: 8941768116931204610

175 elagabalus the Covered (level 5, -2/33 HPs)
             Began as a Gargoyle Fighter on Nov 11, 2021.
             Killed from afar by Sigmund (6 damage)
             ... with a magic dart
             ... on level 2 of the Dungeon.
             The game lasted 00:17:55 (1837 turns).

elagabalus the Covered (Gargoyle Fighter)           Turns: 1837, Time: 00:17:56

Health: -2/33      AC: 14    Str: 20    XL:     5   Next: 55%
Magic:  5/5        EV:  7    Int:  9    God:
Gold:   85         SH:  4    Dex:  9    Spells: 4/4 levels left

rFire   . . .      SeeInvis .   a - +1 flail
rCold   . . .      Faith    .   c - +0 buckler
rNeg    + . .      Spirit   .   j - +0 chain mail
rPois   ∞          Reflect  .   (no helmet)
rElec   +          Harm     .   (no cloak)
rCorr   .          Rampage  .   k - +0 pair of gloves
Will    .....                   (no boots)
Stlth   ..........              (no amulet)
HPRegen 0.11/turn               (no ring)
MPRegen 0.09/turn               (no ring)

@: mighty
A: sickness immunity, AC +4, negative energy resistance 1, electricity
resistance, torment resistance 1, petrification resistance
a: no special abilities


You were on level 2 of the Dungeon.
You visited 1 branch of the dungeon, and saw 2 of its levels.

You collected 85 gold pieces.

Inventory:

Hand Weapons
 a - a +1 flail (weapon)
Missiles
 g - 24 stones (quivered)
Armour
 c - a +0 buckler (worn)
 j - a +0 chain mail (worn)
 k - a +0 pair of gloves (worn)
Scrolls
 b - a scroll of enchant weapon
Potions
 e - 2 potions of curing
 f - a potion of heal wounds {unknown}
 h - a potion of magic {unknown}
 i - a potion of invisibility {unknown}
 l - a potion of berserk rage {unknown}


   Skills:
 - Level 4.0 Fighting
 * Level 4.0 Maces & Flails
 - Level 4.2 Armour
 - Level 4.0 Shields


You had 4 spell levels left.
You didn't know any spells.
Your spell library was empty.

Dungeon Overview and Level Annotations

Branches:
Dungeon (2/15)

Altars:

Annotations:
D:2 Sigmund


Innate Abilities, Weirdness & Mutations

You are immune to sickness and miasma.
Your stone body is resilient. (AC +4)
You are immune to poison.
You resist negative energy. (rN+)
You are resistant to electric shocks. (rElec)
You are resistant to unholy torment.
You are immune to petrification.


Message History

Sigmund the Dreaded comes into view.
He is wielding a +0 scythe.
Sigmund shouts!
Sigmund points at you and mumbles some strange words.
You resist with some effort.
Sigmund drinks a potion.
Sigmund seems to speed up.
Sigmund casts a spell at you.
You are confused.
You bump into the rock wall.
You bump into the rock wall.
Sigmund screams, "Don't try to resist!"
Sigmund hits you from afar with a +0 scythe.
You're too confused to move!
Sigmund hits you from afar with a +0 scythe.
Sigmund hits you with a +0 scythe.
You closely miss Sigmund. Sigmund barely misses you.
You bump into the rock wall.
You feel less confused.
Sigmund's eyes start glowing with a red light.
Sigmund casts a spell at you. The puff of flame hits you.
You hit Sigmund.
Sigmund is moderately wounded.
Sigmund barely misses you.
You closely miss Sigmund.
Sigmund is moderately wounded.
Sigmund hits you with a +0 scythe.
Sigmund points at you and mumbles some strange words.
The puff of flame hits you.
You sock Sigmund!
Sigmund is severely wounded.
Sigmund hits you but does no damage.
Okay, then.
You feel very mighty all of a sudden. Sigmund hits you with a +0 scythe.
* * * LOW HITPOINT WARNING * * *
You sock Sigmund!
Sigmund is almost dead.
Sigmund casts a spell at you. The magic dart hits you.
You die...

#.# #.....@..
#.#########
#.#
#.........#
#@#
#.#######.#
#.# #.# #.#
#.# #.# #.#
#.# #.# #.#
#.# #.#
#.#########.#
#.#
#......@@...#
#.#
#############
##.# ...#
####


You could see Sigmund (fast).

Vanquished Creatures
  An iguana (D:2)
  Natasha (thrice) (D:2)
  Robin (D:2)
  4 ball pythons
  3 bats (D:1)
  4 endoplasms
  6 giant cockroaches (D:1)
  6 hobgoblins
  A quokka (D:1)
  A frilled lizard (D:1)
  14 goblins
  11 kobolds
  6 rats
61 creatures vanquished.

Notes
Turn   | Place    | Note
-------+----------+-------------------------------------------
     0 | D:1      | elagabalus the Gargoyle Fighter began the quest for the
                  | Orb.
     0 | D:1      | Reached XP level 1. HP: 14/14 MP: 1/1
   109 | D:1      | Reached XP level 2. HP: 13/19 MP: 2/2
   458 | D:1      | Reached XP level 3. HP: 24/24 MP: 3/3
  1026 | D:2      | Noticed Natasha
  1041 | D:2      | Killed Natasha
  1042 | D:2      | Reached XP level 4. HP: 15/29 MP: 4/4
  1051 | D:2      | Noticed Natasha
  1074 | D:2      | Killed Natasha
  1334 | D:2      | Noticed Natasha
  1337 | D:2      | Killed Natasha
  1437 | D:2      | Reached XP level 5. HP: 33/33 MP: 5/5
  1474 | D:2      | Noticed Robin
  1500 | D:2      | Killed Robin
  1523 | D:2      | Found a faded altar of an unknown god.
  1815 | D:2      | Noticed Sigmund
  1837 | D:2      | Killed from afar by Sigmund

Illustrated notes

Levels and vault maps discovered:
D:1:      amcnicky_arrival_wind_blow, layout_loops_corners, minmay_pentomino_s4
D:2:      layout_loops_ring, basic_ecumenical_altar, uniq_robin, uniq_sigmund,
          uniq_natasha

Skill      XL: |  1  2  3  4  5 |
---------------+----------------+-----
Fighting       | 4 |  4.0
Armour         | 4 |  4.2
Shields        | 4 |  4.0
Maces & Flails | 3 4 |  4.0

Action                   |  1- 3 |  4- 6 || total
-------------------------+-------+-------++-------
Melee: Flail             |   141 |    86 ||   227
  Use: Scroll            |     5 |     2 ||     7
       Potion            |       |     1 ||     1
Armor: Scale mail        |    42 |       ||    42
       Chain mail        |    33 |    42 ||    75
Dodge: Dodged            |    62 |    37 ||    99
Block: Buckler           |    18 |    19 ||    37

Table legend: (Time is in decaauts)
 A = Elapsed time spent in this place.
 B = Non-inter-level travel time spent in this place.
 C = Inter-level travel time spent in this place.
 D = Time resting spent in this place.
 E = Time spent auto-exploring this place.
 F = Levels seen in this place.
 G = Mean time per level.
                   A        B        C        D        E       F      G
               +--------+--------+--------+--------+--------+-----+--------+
         Total |   1903 |    910 |    993 |      0 |      0 |   2 |  951.5 |
       Dungeon |   1903 |    910 |    993 |      0 |      0 |   2 |  951.5 |
               +--------+--------+--------+--------+--------+-----+--------+

Top non-repeatable levels by time:
     D:1: 1286 daAuts
     D:2: 617 daAuts
